 Dungeon Crawl Stone Soup version 0.28.0-53-g5a82cb258f (webtiles) character file.

Game seed: 6234302926016537550

105 Sin92 the Insei (level 4, -3/33 HPs)
             Began as a Demonspawn Transmuter on July 1, 2022.
             Slain by Terence
             ... wielding a +0 flail
              (5 damage)
             ... on level 2 of the Dungeon.
             The game lasted 00:03:37 (2197 turns).

Sin92 the Insei (Demonspawn Transmuter)             Turns: 2197, Time: 00:03:37

Health: -3/33      AC:  4    Str: 12    XL:     4   Next: 54%
Magic:  6/7        EV: 12    Int: 15    God:
Gold:   63         SH:  0    Dex: 13    Spells: 6/7 levels left

rFire   . . .      SeeInvis .   d - staff of poison
rCold   . . .      Faith    .   (no shield)
rNeg    . . .      Spirit   .   a - +0 robe
rPois   +          Reflect  .   (helmet currently unavailable)
rElec   .          Harm     .   (no cloak)
rCorr   .          Rampage  .   (no gloves)
Will    .....                   (boots currently unavailable)
Stlth   +.........              (no amulet)
HPRegen 0.11/turn               (no ring)
MPRegen 0.10/turn               (no ring)

@: appendages
A: horns 2, talons 2, molten scales 1, spiny 1
a: End Transformation


You were on level 2 of the Dungeon.
You had temporarily grown beastly horns and talons.
You visited 1 branch of the dungeon, and saw 2 of its levels.

You collected 63 gold pieces.

Inventory:

Hand Weapons
 e - a +0 club
Armour
 a - a +0 robe (worn)
Magical Staves
 d - a staff of poison (weapon)
Scrolls
 b - a scroll of fear {unknown}
 c - 4 scrolls of identify {unknown}
 g - a scroll of brand weapon {unknown}


   Skills:
 + Level 1.8 Fighting
 - Level 0.2(0.4) Maces & Flails
 * Level 0.6(0.7) Staves
 + Level 1.0 Armour
 + Level 2.2 Dodging
 - Level 2.9 Unarmed Combat
 + Level 2.4 Spellcasting
 * Level 2.8 Transmutations


You had 6 spell levels left.
You knew the following spells:

 Your Spells              Type           Power      Damage    Failure   Level
a - Beastly Appendage     Tmut           20%        N/A       7%          1

Your spell library contained the following spells:

 Spells                   Type           Power      Damage    Failure   Level
 Wereblood                Tmut           10%        N/A       10%         2
 Spider Form              Tmut/Pois      9%         N/A       34%         3
 Ice Form                 Ice/Tmut       6%         N/A       75%         4


Dungeon Overview and Level Annotations

Branches:
Dungeon (2/15)

Altars:

Annotations:
D:2 Terence


Innate Abilities, Weirdness & Mutations

You have temporarily grown beastly horns and talons.
You are partially covered in molten scales. (AC +2)
You are partially covered in sharp spines.


Message History

Unknown command.
You are too injured to fight recklessly!
The bat is struck by your spines.
You kill the bat!
Terence closely misses you.
You aren't carrying any potions.
Casting: Beastly Appendage (safe; 7% risk of failure)
Confirm with . or Enter, or press ? or * to list all spells.
You grow a pair of large bovine horns.
Your feet morph into talons.
Terence hits you with a +0 flail. Terence closely misses you.
You hit Terence. You claw Terence, but do no damage.
Terence is moderately wounded.
Terence hits you with a +0 flail.
* * * LOW HITPOINT WARNING * * *
You hit Terence. You claw Terence, but do no damage. You headbutt Terence.
Terence is heavily wounded.
Terence barely misses you. Terence is struck by your spines.
Terence closely misses you.
Unknown command.
You aren't carrying any pieces of jewellery.
You aren't carrying any potions.
As you read the scroll labelled APEAR QE JURR, it crumbles to dust.
You hear a loud clanging noise!
It was a scroll of noise.
You hear a shout!
Terence is struck by your spines. Terence barely misses you.
Terence misses you.
You hit Terence but do no damage.
Terence is severely wounded.
Terence is struck by your spines. Terence hits you with a +0 flail.
* * * LOW HITPOINT WARNING * * *
You closely miss Terence.
Terence is severely wounded.
Terence is struck by your spines. Terence misses you.
Terence barely misses you.
You hit Terence but do no damage. Your kick misses Terence.
Your headbutt misses Terence.
Terence is almost dead.
Terence misses you. Terence hits you with a +0 flail.
You die...

# #### . ..#
.###.# ..#@# #.#@#
####.#.###
##....†...#
#......##.#
..#.#......##.####
..................
.###.#..........#
# +..........+


You could see Terence (fast).

Vanquished Creatures
  Jessica (D:2)
  2 gnolls (D:1)
  An adder (D:2)
  2 dart slugs (D:1)
  An orc (D:2)
  6 endoplasms
  2 giant cockroaches (D:1)
  4 goblins (D:1)
  4 hobgoblins (D:1)
  A kobold (D:1)
  4 quokkas (D:1)
  4 ball pythons
  6 bats
  3 frilled lizards (D:1)
  4 rats (D:1)
45 creatures vanquished.

Notes
Turn   | Place    | Note
-------+----------+-------------------------------------------
     0 | D:1      | Sin92 the Demonspawn Transmuter began the quest for the
                  | Orb.
     0 | D:1      | Reached XP level 1. HP: 15/15 MP: 3/3
   227 | D:1      | Gained mutation: You are partially covered in molten
                  | scales. (AC +2) [demonic ancestry]
   227 | D:1      | Reached XP level 2. HP: 20/21 MP: 5/5
   738 | D:1      | Gained mutation: You are partially covered in sharp spines.
                  | [demonic ancestry]
   738 | D:1      | Reached XP level 3. HP: 3/26 MP: 6/6
  1675 | D:1      | Identified a scroll of acquirement
  1675 | D:1      | Acquired a staff of poison
  1755 | D:2      | Reached XP level 4. HP: 28/33 MP: 7/7
  2042 | D:2      | Noticed Jessica
  2056 | D:2      | Killed Jessica
  2057 | D:2      | Reached skill level 1 in Armour
  2181 | D:2      | Noticed Terence
  2197 | D:2      | Slain by Terence

Illustrated notes

Levels and vault maps discovered:
D:1:      dpeg_arrival_houses_and_road, layout_basic, minmay_hexomino_u4
D:2:      layout_basic, basic_ecumenical_altar, uniq_jessica, uniq_robin,
          uniq_terence

Skill      XL: |  1  2  3  4 |
---------------+-------------+-----
Transmutations | 2 |  2.8
Dodging        | 2 |  2.2
Armour         | 1 |  1.0
Fighting       | |  1.8
Maces & Flails | |  0.2
Staves         | |  0.6
Unarmed Combat | |  2.9
Spellcasting   | |  2.4

Action                   |  1- 3 |  4- 6 || total
-------------------------+-------+-------++-------
Melee: Unarmed           |    94 |       ||    94
       Punch             |     6 |       ||     6
       Club              |    31 |       ||    31
       Staff             |     4 |    24 ||    28
       Kick              |       |     2 ||     2
       Headbutt          |       |     1 ||     1
 Cast: Beastly Appendage |     1 |     1 ||     2
  Use: Scroll            |     1 |     1 ||     2
       Potion            |     1 |       ||     1
Armor: Robe              |    25 |     1 ||    26
Dodge: Dodged            |    90 |    18 ||   108
